 Dungeon Crawl Stone Soup version 0.22.1-2-g9c5b331 (webtiles) character file.

10151 teukkam the Blocker (level 11, -14/99 HPs)
             Began as a Minotaur Fighter on Nov 23, 2018.
             Was a Priest of Wu Jian.
             Killed by the raging water
             ... invoked by Erica the water nymph
              (37 damage)
             ... on level 1 of the Lair of Beasts on Dec 5, 2018.
             The game lasted 00:44:29 (9476 turns).

teukkam the Blocker (Minotaur Fighter)              Turns: 9476, Time: 00:44:30

Health: -14/99     AC: 15    Str: 22 (24) XL:     11   Next: 32%
Magic:  13/13      EV:  9    Int:  2 (5)  God:    Wu Jian [***...]
Gold:   468        SH: 12    Dex:  7 (10) Spells: 10/10 levels left

rFire    . . .     SeeInvis +   a - +1 rapier (chaos)
rCold    . . .     Gourm    .   c - +1 shield
rNeg     + . .     Faith    .   V - +2 ring mail {MR+}
rPois    .         Spirit   .   (helmet restricted)
rElec    .         Reflect  .   t - +0 cloak
rCorr    .         Harm     .   (no gloves)
MR       +....     Clarity  +   (no boots)
Stlth    ..........             J - amulet of rage
HPRegen  0.26/turn              U - +5 ring of protection
MPRegen  0.13/turn              M - ring of positive energy

@: very slightly contaminated, invisible (expiring), very slow
A: retaliatory headbutt, horns 2, see invisible, clarity, sense surroundings 1
a: Wall Jump, Serpent's Lash, Renounce Religion, Evoke Berserk Rage


You were on level 1 of the Lair of Beasts.
You worshipped Wu Jian.
Wu Jian was most pleased with you.
You were not hungry.

You visited 3 branches of the dungeon, and saw 10 of its levels.

You collected 468 gold pieces.

Inventory:

Hand Weapons
 a - a +1 rapier of chaos (weapon)
 b - a +2 hand crossbow of velocity
 e - a +0 war axe
 j - a +2 war axe of flaming
 y - a +4 hand axe
 z - a +0 shortbow
 H - a +0 hand crossbow of flaming
 K - a +0 hunting sling
 P - a +1 dagger of draining
 R - a +0 blowgun
Missiles
 l - 165 stones
 m - 189 arrows
 p - 84 bolts
 v - 76 sling bullets
 C - 19 poisoned needles
 E - a throwing net (quivered)
Armour
 c - a +1 shield (worn)
 t - a +0 cloak (worn)
 w - a +1 leather armour of cold resistance
 V - a +2 ring mail of magic resistance (worn)
Jewellery
 h - an uncursed ring of ice
 o - an uncursed amulet of magic regeneration
 G - an uncursed amulet of the acrobat
 J - an amulet of rage (around neck)
 M - a ring of positive energy (right hand)
 U - a +5 ring of protection (left hand)
Wands
 i - a wand of acid (7)
 k - a wand of paralysis (17)
 r - a wand of polymorph (17)
 u - a wand of enslavement (19)
 A - a wand of disintegration (17)
 L - a wand of random effects (22)
 Q - a wand of flame (20)
Scrolls
 q - a scroll of enchant weapon {unknown}
 s - 2 scrolls of remove curse
 x - 3 scrolls of teleportation {unknown}
 B - 4 scrolls of identify
 D - a scroll of fear
 F - 4 scrolls of enchant armour
 I - 2 scrolls of magic mapping
 N - a scroll of amnesia {unknown}
 X - a scroll of holy word {unknown}
Potions
 d - a potion of might
 g - 2 potions of mutation
 n - a potion of curing
 O - a potion of haste
 S - a potion of magic
 Z - a potion of brilliance
Comestibles
 f - 13 rations


   Skills:
 + Level 9.9 Fighting
 + Level 7.4 Short Blades
 - Level 4.8 Axes
 - Level 3.3(4.8) Slings
 + Level 5.0 Crossbows
 + Level 4.7(5.2) Throwing
 + Level 9.9 Armour
 + Level 10.0 Shields
 + Level 4.4 Evocations


You had 10 spell levels left.
You didn't know any spells.
Your spell library contained the following spells:

 Spells                   Type           Power        Failure   Level  Hunger
 Magic Dart               Conj           #...         88%         1    ##.....
 Blink                    Tloc           N/A          95%         2    ###....
 Call Imp                 Summ           #.......     95%         2    ###....
 Slow                     Hex            #.......     95%         2    ###....
 Conjure Flame            Conj/Fire      #.......     99%         3    ####...
 Mephitic Cloud           Conj/Pois/Air  #.......     99%         3    ####...


Dungeon Overview and Level Annotations

Branches:
Dungeon (8/15)             Temple (1/1) D:6            Lair (1/6) D:8

Altars:
Ashenzari
Dithmenos
Elyvilon
Gozag
Hepliaklqana
Kikubaaqudgha
Makhleb
Okawaru
Qazlal
Ru
Sif Muna
Trog
Uskayaw
Vehumet
Wu Jian
Xom
Yredelemnul
Zin
The Shining One

Annotations:
Lair:1 Erica


Innate Abilities, Weirdness & Mutations

You reflexively headbutt those who attack you in melee.
You have a pair of horns on your head.
You have supernaturally acute eyesight. (SInv)
You possess an exceptional clarity of mind.
You passively map a small area around you.


Message History

Erica is severely wounded.
Erica hits you with a scimitar of flaming.
Erica burns you.
You spin and attack Erica.
You hit Erica.
Erica evaporates and reforms as a water nymph!
Your headbutt misses Erica. Erica touches you. Erica drowns you!
You spin and attack Erica.
You hit Erica. You burn Erica.
Erica is lightly wounded.
Erica touches you!
* * * LOW HITPOINT WARNING * * *
Erica drowns you!
* * * LOW HITPOINT WARNING * * *
Splash!
You fall into the shallow water.
Moving in this stuff is going to be slow. ...and don't expect to remain undetected.
You feel better.
Erica points at you and mumbles some strange words.
The water swirls and strikes you!
You die...

≈ ≈ ≈ ≈ * * * ##########
≈≈PP♣P##.######≈.......#
≈≈≈≈......##..m........#
≈≈≈≈......##.##@.......#
≈≈≈≈.>....#..##........#
≈≈≈≈......#..##........#
@≈≈P......#.###........#
,..P≈......#†#
#........# ..........@.#
#........# ..........###
#........# ..........#
######.### .#######P##
#....#


You could see Erica the water nymph (pinned).

Vanquished Creatures
  A dancing weapon (D:8)
  A two-headed ogre (D:8)
  The ghost of edgar the Grave Robber, a novice DsNe (D:8)
  Joseph (D:7)
  The ghost of smtktc the Destroyer, a novice DECj (D:6)
  4 spiny frogs
  A komodo dragon (Lair:1)
  Grinder (D:3)
  5 blink frogs (Lair:1)
  Sigmund (D:3)
  4 yaks
  A fire bat (Lair:1)
  A water moccasin (D:7)
  5 porcupines
  2 hornet zombies (D:8)
  3 ice beasts
  2 black bears (D:8)
  3 ogres
  3 phantoms
  2 sky beasts
  2 centaurs
  3 wolves (D:8)
  A centaur (shapeshifter) (D:8)
  3 crocodiles
  A big kobold (D:8)
  5 bullfrogs
  3 scorpions
  A howler monkey (D:8)
  2 crimson imps
  7 orc priests
  2 hounds
  A centaur skeleton (D:5)
  2 jellies
  8 orc wizards
  4 worker ants
  Robin (D:2)
  8 gnolls
  A howler monkey skeleton (D:5)
  5 adders
  A shadow imp (D:8)
  An adder skeleton (D:6)
  An adder zombie (D:8)
  4 worms
  3 dart slugs
  2 leopard geckos
  25 orcs
  5 bats (D:3)
  4 giant cockroaches
  18 goblins
  10 hobgoblins
  4 jackals (D:5)
  7 quokkas
  2 ball pythons (D:3)
  2 frilled lizards
  A giant cockroach zombie (D:5)
  9 kobolds
  A leopard gecko zombie (D:8)
  5 rats
  A butterfly (D:6)
  A plant (D:8)
210 creatures vanquished.

Vanquished Creatures (others)
  A yak (Lair:1)
  A fungus (D:8)
  9 plants
11 creatures vanquished.

Grand Total: 221 creatures vanquished

Notes
Turn   | Place    | Note
-------+----------+-------------------------------------------
     0 | D:1      | teukkam the Minotaur Fighter began the quest for the Orb.
     0 | D:1      | Reached XP level 1. HP: 19/19 MP: 0/0
    90 | D:2      | Found a white marble altar of Elyvilon.
   157 | D:3      | Reached XP level 2. HP: 27/27 MP: 1/1
   210 | D:3      | Found a glowing golden altar of the Shining One.
   267 | D:3      | Noticed a crocodile
   279 | D:3      | Killed a crocodile
   279 | D:3      | Reached skill level 1 in Short Blades
   279 | D:3      | Reached skill level 4 in Shields
   279 | D:3      | Reached XP level 3. HP: 23/34 MP: 2/2
   279 | D:3      | Reached XP level 4. HP: 28/41 MP: 3/3
   430 | D:5      | Entered Level 5 of the Dungeon
   688 | D:4      | Reached XP level 5. HP: 11/47 MP: 4/4
   845 | D:4      | Found a basalt altar of Yredelemnul.
  1041 | D:4      | Reached skill level 5 in Fighting
  1041 | D:4      | Reached skill level 5 in Armour
  1041 | D:4      | Reached skill level 5 in Shields
  1061 | D:4      | HP: 1/48 [orc priest/nerve-wracking pain (9)]
  1062 | D:4      | Reached XP level 6. HP: 2/56 MP: 5/5
  1614 | D:4      | You fall through a shaft for 2 floors!
  2044 | D:5      | Reached XP level 7. HP: 48/62 MP: 6/6
  2197 | D:7      | Reached skill level 6 in Shields
  2551 | D:7      | Reached XP level 8. HP: 48/71 MP: 7/7
  2676 | D:7      | Noticed Joseph
  2688 | D:7      | Killed Joseph
  2688 | D:7      | Reached skill level 5 in Short Blades
  2688 | D:7      | Reached skill level 7 in Shields
  2983 | D:7      | Reached skill level 1 in Slings
  3437 | D:6      | Found a staircase to the Ecumenical Temple.
  3473 | Temple   | Entered the Ecumenical Temple
  3613 | Temple   | Became a worshipper of the Wu Jian Council
  3868 | D:3      | Noticed Grinder
  3874 | D:3      | Paralysed by Grinder for 7 turns
  3890 | D:3      | Reached XP level 9. HP: 66/81 MP: 8/8
  3909 | D:3      | Killed Grinder
  4205 | D:3      | Reached skill level 8 in Shields
  4930 | D:2      | Noticed Robin
  4975 | D:2      | Killed Robin
  4977 | D:2      | Reached * piety under Wu Jian
  5719 | D:3      | Noticed Sigmund
  5742 | D:3      | Killed Sigmund
  6281 | D:5      | Reached skill level 1 in Throwing
  6281 | D:5      | Reached skill level 1 in Evocations
  6331 | D:5      | Reached ** piety under Wu Jian
  6924 | D:6      | Found a runed gate.
  6924 | D:6      | Found a runed gate.
  6925 | D:6      | Found a runed gate.
  6926 | D:6      | Noticed smtktc's ghost (novice DECj)
  6945 | D:6      | Killed smtktc's ghost
  6945 | D:6      | Reached skill level 1 in Crossbows
  7154 | D:8      | Found a runed door.
  7155 | D:8      | Found a shimmering altar of Xom.
  7155 | D:8      | Noticed edgar's ghost (novice DsNe)
  7155 | D:8      | Noticed a rapier of chaos
  7213 | D:8      | Noticed a two-headed ogre
  7221 | D:8      | Killed a two-headed ogre
  7235 | D:8      | Reached XP level 10. HP: 78/90 MP: 10/10
  7334 | D:8      | Killed a rapier of chaos
  7334 | D:8      | Reached skill level 9 in Shields
  7358 | D:8      | Killed edgar's ghost
  7671 | D:8      | Found a staircase to the Lair.
  8072 | Lair:1   | Entered Level 1 of the Lair of Beasts
  8082 | Lair:1   | Noticed a spiny frog
  8405 | D:8      | Killed a spiny frog
  8608 | D:8      | Gained mutation: You possess an exceptional clarity of
                  | mind. [potion of mutation]
  8608 | D:8      | Gained mutation: You have supernaturally acute eyesight.
                  | (SInv) [potion of mutation]
  8608 | D:8      | Gained mutation: You passively map a small area around you.
                  | [potion of mutation]
  8998 | Lair:1   | Reached XP level 11. HP: 97/97 MP: 13/13
  9017 | Lair:1   | Reached *** piety under Wu Jian
  9284 | Lair:1   | Noticed Erica
  9296 | Lair:1   | Reached skill level 10 in Shields
  9297 | Lair:1   | Reached skill level 5 in Crossbows
  9474 | Lair:1   | Noticed Erica
  9474 | Lair:1   | Erica changed into Erica the water nymph
  9476 | Lair:1   | Killed from afar by Erica the water nymph

Skill      XL: |  1  2  3  4  5  6  7  8  9 10 11 |
---------------+----------------------------------+-----
Fighting       | 4 5 6 7 8 9 |  9.9
Short Blades   | 1 2 3 4 6 7 |  7.4
Armour         | 4 5 6 7 8 9 |  9.9
Shields        | 4 5 6 7 8 9 10 | 10.0
Slings         | 2 3 |  3.3
Throwing       | 2 4 |  4.7
Evocations     | 2 4 |  4.4
Axes           | 4 |  4.8
Crossbows      | 2 4 5 |  5.0

Action                   |  1- 3 |  4- 6 |  7- 9 | 10-12 || total
-------------------------+-------+-------+-------+-------++-------
Melee: Dagger            |    33 |   101 |   276 |       ||   410
       Headbutt          |     5 |    17 |    48 |    52 ||   122
       War axe           |     3 |     4 |    88 |    36 ||   131
       Hand axe          |       |       |    10 |       ||    10
       Rapier            |       |       |       |   230 ||   230
 Fire: Hunting sling     |       |       |    66 |       ||    66
       Hand crossbow     |       |       |    16 |    16 ||    32
       Blowgun           |       |       |     2 |       ||     2
Throw: Throwing net      |       |     1 |     1 |     1 ||     3
Invok: Lunge             |       |       |    10 |     3 ||    13
       Whirlwind         |       |       |    16 |    98 ||   114
       Wall Jump         |       |       |     1 |    40 ||    41
 Abil: Evoke Berserk Rag |       |       |     1 |     1 ||     2
Evoke: Wand              |       |       |     1 |       ||     1
  Use: Scroll            |       |     5 |     3 |     1 ||     9
       Potion            |       |     2 |     2 |    15 ||    19
 Stab: Held in net/web   |       |     1 |       |       ||     1
       Confused          |       |       |       |     3 ||     3
       Paralysed         |       |       |       |     3 ||     3
       Distracted        |       |       |       |     1 ||     1
       Petrified         |       |       |       |     1 ||     1
  Eat: Chunk             |       |     1 |     1 |     1 ||     3
       Ration            |       |     1 |     5 |     2 ||     8
Armor: Scale mail        |    11 |    23 |    33 |       ||    67
       Leather armour    |       |       |    41 |       ||    41
       Ring mail         |       |       |     1 |    60 ||    61
Dodge: Dodged            |     6 |    28 |    75 |    39 ||   148
Block: Shield            |    16 |    41 |   156 |   103 ||   316
